 Dungeon Crawl Stone Soup version 0.24.0-28-g17ded55e90 (webtiles) character file.

Game seed: 1929465777345326068, levelgen mode: deterministic

3575 Johnny the Carver (level 9, -1/80 HPs)
             Began as a Troll Berserker on Nov 12, 2019.
             Was a High Priest of Trog.
             Slain by a hound (4 damage)
             ... while paralysed by Maurice
             ... on level 8 of the Dungeon.
             The game lasted 00:08:39 (6188 turns).

Johnny the Carver (Troll Berserker)                 Turns: 6188, Time: 00:08:40

Health: -1/80      AC:  6    Str: 30    XL:     9   Next: 84%
Magic:  8/8        EV:  1    Int:  3    God:    Trog [*****.]
Gold:   346        SH:  0    Dex: 13    Spells: 8/8 levels left

rFire    . . .     SeeInvis .   x - +3 dagger (venom)
rCold    . . .     Gourm    +   (no shield)
rNeg     + . .     Faith    .   b - +0 animal skin
rPois    .         Spirit   .   (helmet restricted)
rElec    .         Reflect  .   (no cloak)
rCorr    .         Harm     .   (gloves unavailable)
MR       .....                  (boots unavailable)
Stlth    +.........             (no amulet)
HPRegen  0.63/turn              s - +4 ring of dexterity
MPRegen  0.11/turn              D - ring of positive energy

@: paralysed, heavily drained
A: large, unfitting armour, claws 3, fast metabolism 3, gourmand, regeneration
1, shaggy fur 1, tough skin 3
a: Berserk, Trog's Hand, Brothers in Arms, Renounce Religion


You were on level 8 of the Dungeon.
You worshipped Trog.
Trog was extremely pleased with you.
You were not hungry.

You visited 1 branch of the dungeon, and saw 8 of its levels.

You collected 421 gold pieces.
You spent 75 gold pieces at shops.

Inventory:

Hand Weapons
 a - a +0 falchion
 x - a +3 dagger of venom (weapon)
Missiles
 f - a throwing net (quivered)
Armour
 b - a +0 animal skin (worn)
Jewellery
 s - a +4 ring of dexterity (left claw)
 D - a ring of positive energy (right claw)
Wands
 m - a wand of clouds (2)
Scrolls
 j - a scroll of fog {unknown}
 k - a scroll of teleportation
 o - 2 scrolls of amnesia {unknown}
 p - 4 scrolls of magic mapping {unknown}
 t - a scroll of fear {unknown}
 y - a scroll of immolation
 B - a scroll of blinking {unknown}
 C - a scroll of enchant weapon {unknown}
Potions
 e - a potion of invisibility {unknown}
 g - a potion of mutation {unknown}
 l - 5 potions of curing
 q - a potion of degeneration {unknown}
 r - a potion of berserk rage {unknown}
 u - 2 potions of resistance
 v - 2 potions of brilliance
 w - 2 potions of flight {unknown}
 z - 2 potions of lignification {unknown}
 E - a potion of haste {unknown}
Comestibles
 c - 14 rations


   Skills:
 - Level 2.4(1.3) Fighting
 * Level 10.0(8.7) Long Blades
 + Level 7.2(6.0) Dodging


You had 8 spell levels left.
You didn't know any spells.
Your spell library contained the following spells:

 Spells                   Type           Power        Failure   Level  Hunger
 Freeze                   Ice            #...         52%         1    ##.....
 Throw Frost              Conj/Ice       #.....       67%         2    ###....
 Ozocubu's Armour         Chrm/Ice       #.......     88%         3    ####...
 Summon Ice Beast         Ice/Summ       #.......     99%         4    #####..
 Throw Icicle             Conj/Ice       #.......     99%         4    #####..
 Bolt of Magma            Conj/Fire/Erth #.........   100%        5    ######.
 Iskenderun's Battlesphe  Conj/Chrm      #.......     100%        5    ######.
 Venom Bolt               Conj/Pois      #.........   100%        5    ######.
 Iron Shot                Conj/Erth      #.........   100%        6    #######
 Orb of Destruction       Conj           #.........   100%        7    #######
 Spellforged Servitor     Conj/Summ      #.........   100%        7    #######


Dungeon Overview and Level Annotations

Branches:
Dungeon (8/15)             Temple (0/1) D:6
   Lair: D:8-11

Altars:
Ashenzari
Fedhas
Makhleb
Qazlal
Sif Muna
Wu Jian
Beogh

Shops:
D:5 (   D:7 *

Annotations:
D:8 Maurice


Innate Abilities, Weirdness & Mutations

You are too large for most types of armour.
You have claws for hands.
Your metabolism is lightning-fast.
You like to eat raw meat.
Your natural rate of healing is unusually fast.
You are covered in fur. (AC +1)
You have extremely tough skin. (AC +3)


Message History

Deactivating autopickup; reactivate with Ctrl-A.
The bullfrog hits you. The hound bites you but does no damage.
The bullfrog hits you. Something hits you.
Something steals your +3 long sword!
The hound bites you.
The bullfrog releases a deep croak.
The bullfrog hits you.
* * * LOW HITPOINT WARNING * * *
You hear some strange, mumbled words.
The hound bites you.
* * * LOW HITPOINT WARNING * * *
The bullfrog hits you.
* * * LOW HITPOINT WARNING * * *
The hound bites you but does no damage. The bullfrog hits you!
* * * LOW HITPOINT WARNING * * *
The hound bites you.
* * * LOW HITPOINT WARNING * * *
The bullfrog hits you.
* * * LOW HITPOINT WARNING * * *
The hound bites you.
You die...

............
..### ..........#
..... #..........
##...
####..........
.....
#.........?...
.....
##.............
#...
###..............
##..
#.........h......
#..
##.......@F....##
.....
###.#....#..#....
...##
#........##.# #.:
.. # #......ยง.#
... . . #
#.......## ....
#.......# ..##
#......<. .##
###.....##
##.##..


You could see a bullfrog and a hound.

Vanquished Creatures
  Pikel (D:4)
  Prince Ribbit (D:6)
  Eustachio (D:6)
  A hungry ghost (D:7)
  Edmund (D:5)
  Duvessa (D:5)
  2 sky beasts
  An ice beast (D:7)
  An ogre (D:5)
  A necrophage (D:8)
  2 wolves (D:8)
  2 centaurs
  Blork the orc (D:5)
  3 bullfrogs
  Dowan (D:5)
  3 scorpions
  3 wights (D:8)
  A howler monkey (D:6)
  A crimson imp (D:5)
  4 hounds
  9 orc wizards
  A quasit (D:7)
  2 orc priests
  A gnoll shaman (D:8)
  2 bullfrog skeletons
  A centaur skeleton (D:6)
  4 worker ants
  A hound skeleton (D:7)
  Robin (D:2)
  A worker ant zombie (D:5)
  5 gnolls
  11 adders
  An ooze (D:3)
  An adder zombie (D:7)
  An adder skeleton (D:6)
  A worm (D:2)
  2 dart slugs (D:1)
  5 leopard geckos
  44 orcs
  10 bats
  4 giant cockroaches
  13 goblins
  10 hobgoblins
  3 jackals (D:8)
  2 quokkas
  3 ball pythons
  2 frilled lizards
  A jackal zombie (D:7)
  6 kobolds
  5 rats
185 creatures vanquished.

Notes
Turn   | Place    | Note
-------+----------+-------------------------------------------
     0 | D:1      | Johnny the Troll Berserker began the quest for the Orb.
     0 | D:1      | Reached XP level 1. HP: 22/22 MP: 0/0
   134 | D:1      | Reached XP level 2. HP: 28/29 MP: 1/1
   193 | D:1      | Reached skill level 3 in Long Blades
   328 | D:1      | Reached ** piety under Trog
   575 | D:2      | Reached XP level 3. HP: 26/36 MP: 2/2
   745 | D:2      | Noticed Robin
   756 | D:2      | Killed Robin
   756 | D:2      | Reached XP level 4. HP: 44/44 MP: 3/3
   898 | D:2      | Found a stormy altar of Qazlal.
   967 | D:2      | Reached skill level 4 in Long Blades
  1126 | D:2      | Reached *** piety under Trog
  1199 | D:3      | Reached XP level 5. HP: 37/50 MP: 4/4
  1546 | D:3      | Found an ornate altar of the Wu Jian Council.
  1913 | D:4      | Reached XP level 6. HP: 59/59 MP: 5/5
  2173 | D:4      | Reached skill level 5 in Long Blades
  2297 | D:4      | Noticed Pikel
  2300 | D:4      | Noticed a slave
  2302 | D:4      | Noticed a slave
  2312 | D:4      | Killed Pikel
  2312 | D:4      | Reached skill level 6 in Long Blades
  2312 | D:4      | Reached XP level 7. HP: 66/66 MP: 6/6
  2722 | D:5      | Entered Level 5 of the Dungeon
  2738 | D:5      | Found Ruech's Antique Weapon Boutique.
  2892 | D:5      | Reached skill level 5 in Dodging
  3003 | D:5      | Reached XP level 8. HP: 74/74 MP: 7/7
  3036 | D:5      | Noticed Edmund
  3065 | D:5      | Killed Edmund
  3065 | D:5      | Reached skill level 7 in Long Blades
  3108 | D:5      | Noticed Blork the orc
  3125 | D:5      | Killed Blork the orc
  3208 | D:5      | Reached **** piety under Trog
  3463 | D:5      | Noticed Duvessa
  3463 | D:5      | Noticed Dowan
  3476 | D:5      | Killed Dowan
  3479 | D:5      | Killed Duvessa
  3669 | D:6      | Found a staircase to the Ecumenical Temple.
  3713 | D:6      | Reached skill level 8 in Long Blades
  3713 | D:6      | Noticed Prince Ribbit
  3728 | D:6      | Killed Prince Ribbit
  3828 | D:6      | Noticed Eustachio
  3866 | D:6      | Killed Eustachio
  3866 | D:6      | Reached XP level 9. HP: 40/80 MP: 8/8
  4037 | D:6      | Found a runed translucent door.
  4418 | D:6      | Found a roughly hewn altar of Beogh.
  4611 | D:7      | Found Mesemar's General Store.
  4621 | D:7      | Reached skill level 9 in Long Blades
  4629 | D:7      | Bought a scroll of identify for 30 gold pieces
  4629 | D:7      | Bought a potion of curing for 45 gold pieces
  4825 | D:7      | Reached ***** piety under Trog
  5530 | D:8      | Lost intelligence.
  5806 | D:8      | Reached skill level 10 in Long Blades
  5907 | D:8      | Found a shattered altar of Ashenzari.
  5907 | D:8      | Found a shimmering blue altar of Sif Muna.
  5908 | D:8      | Found a blossoming altar of Fedhas.
  5912 | D:8      | Found a burning altar of Makhleb.
  6167 | D:8      | Noticed Maurice
  6181 | D:8      | Paralysed by Maurice for 7 turns
  6188 | D:8      | HP: 3/80 [bullfrog (3)]
  6188 | D:8      | Slain by a hound

Levels and vault maps discovered:
D:1:      dpeg_arrival_connections, layout_rooms
D:2:      layout_rooms, nicolae_qazlal_general_emergency, uniq_robin
D:3:      layout_rooms, marbit_many_paths, kennysheep_generic_room_6
D:4:      layout_basic, first_ration, uniq_pikel
D:5:      layout_gridville, serial_shops, nicolae_shop_stone, uniq_edmund,
          uniq_duvessa, uniq_blork_the_orc
D:6:      layout_rooms, minmay_temple_entry_trees, lightli_church_of_beogh,
          uniq_prince_ribbit1, uniq_eustachio
D:7:      layout_basic, serial_shops, shop
D:8:      layout_cave_pools, chequers_temple_overflow_statue_of_worship,
          serial_gnoll_camp, gnoll_camp_mini_house, gnoll_camp_medium_01,
          gnoll_camp_mini_doghouse, gnoll_camp_mini_hut, gnoll_camp_mini_basic,
          grunt_pizzeria, uniq_maurice

Skill      XL: |  1  2  3  4  5  6  7  8  9 |
---------------+----------------------------+-----
Long Blades    | 3 4 6 8 10 | 10.0
Dodging        | 3 4 5 6 7 |  7.2
Fighting       | |  2.4

Action                   |  1- 3 |  4- 6 |  7- 9 || total
-------------------------+-------+-------+-------++-------
Melee: Falchion          |    94 |    39 |    15 ||   148
       Dagger            |       |   225 |   541 ||   766
Throw: Throwing net      |       |       |     1 ||     1
Invok: Berserk           |     3 |     5 |     9 ||    17
Evoke: Wand              |       |       |    11 ||    11
  Use: Scroll            |       |       |    10 ||    10
 Stab: Sleeping          |     1 |       |       ||     1
       Held in net/web   |       |       |     2 ||     2
  Eat: Chunk             |    14 |    20 |    47 ||    81
       Ration            |       |       |     1 ||     1
Armor: Animal skin       |    45 |    98 |   146 ||   289
Dodge: Dodged            |    63 |   138 |   344 ||   545
       Rpst.: Falchion   |    25 |     6 |     3 ||    34
